 Dungeon Crawl Stone Soup version 0.19-a0-1019-g9c6a58d (webtiles) character file.

921 Gagarin the Magician (level 7, -1/45 HPs)
             Began as a High Elf Ice Elementalist on July 25, 2016.
             Was a Follower of Sif Muna.
             Slain by an ogre
             ... wielding a +0 giant club
              (13 damage)
             ... on level 5 of the Dungeon.
             The game lasted 00:29:35 (5020 turns).

Gagarin the Magician (High Elf Ice Elementalist)    Turns: 5020, Time: 00:29:35

Health: -1/45      AC:  7    Str:  8    XL:     7   Next: 84%
Magic:  4/16       EV: 13    Int: 20    God:    Sif Muna [*.....]
Gold:   190        SH:  0    Dex: 16    Spells: 3 memorised, 9 levels left

rFire  . . .     SeeInvis .     u - +2 short sword (speed)
rCold  . . .     Gourm    .     a - +0 robe
rNeg   . . .     Faith    .     (no shield)
rPois  .         Spirit   .     (no helmet)
rElec  .         Dismiss  .     z - +1 cloak
rCorr  .         Reflect  .     (no gloves)
SustAt .         Harm     .     n - +2 pair of boots {run}
MR     .....                    (no amulet)
Stlth  ++........               (no ring)
                                (no ring)

@: constricted, quick, not resistant to hostile enchantments, unstealthy
A: no striking features
a: Divine Energy, Renounce Religion


You were on level 5 of the Dungeon.
You worshipped Sif Muna.
Sif Muna was aware of your devotion.
You were hungry.

You visited 2 branches of the dungeon, and saw 6 of its levels.

You collected 190 gold pieces.

Inventory:

Hand Weapons
 f - a +3 dagger
 u - a +2 short sword of speed (weapon)
Missiles
 i - 24 arrows
Armour
 a - a +0 robe (worn)
 n - a +2 pair of boots of running (worn)
 x - a +0 cloak
 z - a +1 cloak (worn)
Jewellery
 q - an uncursed ring of flight {unknown}
Scrolls
 d - 2 scrolls of remove curse {unknown}
 e - 2 scrolls of noise {unknown}
 g - 3 scrolls of teleportation {unknown}
 m - a scroll of immolation {unknown}
 o - 3 scrolls of identify {unknown}
 v - a scroll of blinking {unknown}
 w - a scroll of magic mapping {unknown}
 y - a scroll of enchant armour {unknown}
Potions
 h - a potion of mutation {unknown}
 k - a potion of ambrosia {unknown}
 l - a potion of curing
 p - 2 potions of might {unknown}
 r - a potion of flight {unknown}
 s - 2 potions of degeneration {unknown}
Books
 b - a book of Frost

   Spells                             Type                      Level
   a - Freeze                         Ice                          1
   b - Throw Frost                    Conjuration/Ice              2
   c - Ozocubu's Armour               Charms/Ice                   3
   d - Throw Icicle                   Conjuration/Ice              4
   e - Summon Ice Beast               Ice/Summoning                4
Comestibles
 c - 4 bread rations
 j - a beef jerky
 t - 5 meat rations


   Skills:
 + Level 2.2 Fighting
 + Level 1.6 Short Blades
 + Level 5.5 Dodging
 + Level 3.0 Stealth
 + Level 5.8 Spellcasting
   Level 1.1 Conjurations
 + Level 2.0 Charms
 + Level 5.1 Ice Magic


You had 9 spell levels left.
You knew the following spells:

 Your Spells              Type           Power        Failure   Level  Hunger
a - Freeze                Ice            ####         1%          1    None
b - Ozocubu's Armour      Chrm/Ice       ###.....     10%         3    ##.....
c - Summon Ice Beast      Ice/Summ       ###.....     38%         4    ####...


Dungeon Overview and Level Annotations

Branches:
Dungeon (5/15)             Temple (1/1) D:4

Altars:
Ashenzari
Cheibriados
Dithmenos
Elyvilon
Fedhas
Gozag
Hepliaklqana
Kikubaaqudgha
Makhleb
Nemelex Xobeh
Okawaru
Pakellas
Qazlal
Ru
Sif Muna
Trog
Uskayaw
Vehumet
Xom
Yredelemnul
Zin
The Shining One


Message History

Unknown command.
You escape the ball python's grasp.
The ball python completely misses you. The ball python grabs you.
You stop ascending the stairs.
The ball python constricts you.
Okay, then.
It was a potion of curing.
You feel better.
The ball python bites you but does no damage.
The ball python constricts you.
You escape the ball python's grasp.
The ball python misses you. x2
All of the chunks of flesh in your inventory have rotted away.
There is an escape hatch in the ceiling here.
The ball python bites you but does no damage.
The ball python grabs you.
You stop ascending the stairs.
The ball python constricts you. The ball python misses you.
* * * LOW HITPOINT WARNING * * *
The ball python constricts you.
Your attempt to break free from the ball python fails, but you feel that another attempt might succeed.
The ball python completely misses you. The ball python constricts you.
The ogre hits you with a giant club!
You die...

##.## .##..#
#..#######.....#
#.#.............
##...#####.(..... #..####
#........
##.....###.<......
#...##............
##...######........
#.@### #........ ##OS#
#........ ######..o###
#........ #..........#
###...)....
#..........####..........
#.............).#........
#..........#####.........
#####....######..##....>#
#..<.###...o#########


You could see an ogre, an orc and a ball python.

Vanquished Creatures
  Edmund (D:4)
  An ogre (D:4)
  A centaur (D:5)
  A big kobold (D:4)
  A scorpion (D:5)
  A howler monkey (D:4)
  A crimson imp (D:5)
  A jelly (D:5)
  Crazy Yiuf (D:4)
  2 orc wizards (D:5)
  A hound (D:5)
  2 iguanas
  A worker ant (D:5)
  6 gnolls
  6 adders
  2 dart slugs (D:2)
  3 giant geckos (D:1)
  15 orcs
  4 giant cockroaches
  8 goblins
  8 hobgoblins
  6 jackals
  30 kobolds
  2 quokkas (D:3)
  6 bats
  5 giant newts
  A jackal skeleton (D:5)
  4 rats
121 creatures vanquished.

Vanquished Creatures (others)
  A plant (D:4)
1 creature vanquished.

Grand Total: 122 creatures vanquished

Notes
Turn   | Place    | Note
-------+----------+-------------------------------------------
     0 | D:1      | Gagarin the High Elf Ice Elementalist began the quest for the Orb.
     0 | D:1      | Reached XP level 1. HP: 11/11 MP: 4/4
   311 | D:1      | Reached XP level 2. HP: 17/17 MP: 4/6
  1245 | D:2      | Identified a +2 pair of boots of running (You found it on level 2 of the Dungeon)
  1278 | D:2      | Reached XP level 3. HP: 15/21 MP: 6/8
  1525 | D:2      | Learned a level 3 spell: Ozocubu's Armour
  2310 | D:2      | Reached XP level 4. HP: 20/27 MP: 3/10
  2728 | D:3      | Reached XP level 5. HP: 22/32 MP: 4/11
  2737 | D:3      | Reached skill level 1 in Fighting
  3219 | D:4      | Found a staircase to the Ecumenical Temple.
  3226 | Temple   | Entered the Ecumenical Temple
  3322 | Temple   | Became a worshipper of Sif Muna the Loreminder
  3385 | D:4      | Noticed Edmund
  3410 | D:4      | Killed Edmund
  3410 | D:4      | Reached skill level 1 in Charms
  3410 | D:4      | Reached XP level 6. HP: 27/38 MP: 2/13
  3645 | D:4      | Found a stormy altar of Qazlal.
  3662 | D:4      | Reached skill level 1 in Short Blades
  3871 | D:4      | Found a runed door.
  3876 | D:4      | Noticed Crazy Yiuf
  3886 | D:4      | Killed Crazy Yiuf
  4075 | D:4      | Reached * piety under Sif Muna
  4075 | D:4      | Reached skill level 5 in Spellcasting
  4075 | D:4      | Reached XP level 7. HP: 39/44 MP: 4/15
  4395 | D:5      | Entered Level 5 of the Dungeon
  4567 | D:5      | Reached skill level 5 in Dodging
  4695 | D:5      | Learned a level 4 spell: Summon Ice Beast
  4936 | D:5      | Reached skill level 5 in Ice Magic
  5020 | D:5      | Slain by an ogre

Vault maps used:
D:1:      dpeg_arrival_renting
D:2:      minmay_misc_feat_iff, kennysheep_big_empty_room
D:4:      kennysheep_kobold_camp, kennysheep_little_box, first_bread,
          uniq_edmund, uniq_crazy_yiuf_cottage
Temple:   grunt_wide_crystal_templ

Skill      XL: |  1  2  3  4  5  6  7 |
---------------+----------------------+-----
Spellcasting   | 3 4 5 |  5.8
Dodging        | 3 4 5 |  5.5
Fighting       | 1 2 |  2.2
Ice Magic      | 4 5 |  5.1
Charms         | 1 2 |  2.0
Short Blades   | 1 |  1.6
Stealth        | 3 |  3.0
Conjurations   | |  1.1

Action                   |  1- 3 |  4- 6 |  7- 9 || total
-------------------------+-------+-------+-------++-------
Melee: Unarmed           |    14 |       |       ||    14
       Dagger            |    88 |   189 |       ||   277
       Short sword       |       |       |   118 ||   118
 Cast: Freeze            |    29 |    39 |    24 ||    92
       Ozocubu's Armour  |     3 |    13 |     5 ||    21
  Use: Potion            |       |       |     1 ||     1
 Stab: Sleeping          |     5 |     2 |     1 ||     8
  Eat: Chunk             |     4 |     5 |     3 ||    12
       Beef jerky        |       |     1 |       ||     1
Armor: Robe              |    28 |    63 |    25 ||   116
Dodge: Dodged            |    82 |   158 |   100 ||   340
